 Dungeon Crawl Stone Soup version 0.29-a0-234-g0dae59b3db (webtiles) character file.

Game seed: 14707342490712431679

31 spaghetti the Sneak (level 3, -5/34 HPs)
             Began as a Naga Chaos Knight on Mar 3, 2022.
             Was a Plaything of Xom.
             Killed from afar by Sigmund (7 damage)
             ... with a puff of flame
             ... on level 2 of the Dungeon.
             The game lasted 00:01:38 (1101 turns).

spaghetti the Sneak (Naga Chaos Knight)             Turns: 1101, Time: 00:01:39

Health: -5/34      AC:  5    Str: 16    XL:     3   Next: 22%
Magic:  3/3        EV:  9    Int: 12    God:    Xom [..*...]
Gold:   55         SH:  0    Dex: 10    Spells: 2/2 levels left

rFire   . . .      SeeInvis +     - Unarmed
rCold   . . .      Faith    .   (no shield)
rNeg    . . .      Spirit   .   a - +3 leather armour
rPois   +          Reflect  .   (no helmet)
rElec   .          Harm     .   (no cloak)
rCorr   .          Rampage  .   (no gloves)
Will    .....                   (no barding)
Stlth   ++........              (no amulet)
HPRegen 0.11/turn               (no ring)
MPRegen 0.08/turn               (no ring)

@: short of breath, very slow
A: AC +1, large, see invisible, deformed body, poison resistance, slowness 2,
spit poison 1, naga tail 1
a: Spit Poison, Renounce Religion


You were on level 2 of the Dungeon.
You worshipped Xom.
You were a toy of Xom.
You visited 1 branch of the dungeon, and saw 2 of its levels.

You collected 55 gold pieces.


Innate Abilities, Weirdness & Mutations

Your serpentine skin is tough. (AC +1)
You have supernaturally acute eyesight. (SInv)
Armour fits poorly on your strangely shaped body.
Your system is resistant to poisons. (rPois)
You cover ground very slowly.
You can spit poison.
You have a snake-like lower body.


   Skills:
 - Level 3.0 Fighting
 - Level 1.5 Armour
 - Level 0.7 Dodging
 - Level 4.0 Stealth
 + Level 3.2 Unarmed Combat


You had 2 spell levels left.
You didn't know any spells.
Your spell library contained the following spells:

 Spells                   Type           Power      Damage    Failure   Level
 Corpse Rot               Necr/Air       0%         N/A       52%         2
 Poisonous Vapours        Pois/Air       0%         N/A       52%         2
 Tukima's Dance           Hex            0%         N/A       77%         3
 Anguish                  Hex/Necr       0%         N/A       99%         4
 Enfeeble                 Hex            0%         N/A       100%        7

Inventory:

Missiles
 b - 73 stones {throwing}
Armour
 a - a +3 leather armour (worn)
Scrolls
 c - a scroll of fog
 d - a scroll of enchant weapon

Dungeon Overview and Level Annotations

Branches:
Dungeon (2/15)

Altars:

Annotations:
D:2 Sigmund

...# #.# #..#^$# ### #
#...# #.# #.) . ###.# #.#
#.# # ..#.# #.# #.# #
#.#.# #.# #.# # #.#†# #.#
#.# # #.#@## #.# #.# #
.#####...@########.###.###
......#...................
.####....##.####.########
#............#
###############
#............#
#†##########.# #.# #.# #.#
#.#


You could see Sigmund (invisible, poisoned).


Message History

You kill the jackal!
No target in view!
No target in view!
No target in view!
No target in view!
No target in view!
No target in view!
No target in view!
No target in view!
No target in view!
No target in view!
No target in view!
No target in view!
e - a cyan potion You see here a jackal corpse.
Key pressed, stopping explore.
Key pressed, stopping explore.
A frilled lizard comes into view.
You see here 4 gold pieces.
The helpless frilled lizard fails to defend itself.
You hit the frilled lizard.
You kill the frilled lizard!
No target in view!
No target in view!
No target in view!
No target in view!
No target in view!
No target in view!
No target in view!
No target in view!
No target in view!
f - a scroll labelled VULAEX ENACIBRIAKO
As you read the scroll labelled VULAEX ENACIBRIAKO, it crumbles to dust.
It is a scroll of enchant armour.
Your +2 leather armour glows green for a moment.
You now have 55 gold pieces (gained 4).
You see here a frilled lizard corpse.
Sigmund the Dreaded comes into view.
He is wielding a +0 scythe and carrying a wand of flame (18).
It was a potion of curing.
You feel better.
Xom roars with laughter! "Have a taste of chaos, mortal."
Sigmund's +0 scythe erupts in a glittering mayhem of colour.
Sigmund shouts!
Sigmund mumbles some strange words.
Sigmund flickers and vanishes for a moment.
Aiming: Spit Poison (2% risk of failure)
Press: ? - help, Shift-Dir - straight line, f - you
Okay, then.
Aiming: Spit Poison (2% risk of failure)
Press: ? - help, Shift-Dir - straight line, f - Sigmund
Aim: Sigmund, wielding a +4 scythe of chaos, wearing a +0 robe and carrying a wand of flame (18) (slightly transparent, 54% to hit)
The splash of poison hits Sigmund.
Sigmund is poisoned.
Sigmund casts a spell at you. The magic dart hits you. 😕 HP[-4]
You take 4 damage, and now have 30/34 hp.
Sigmund casts a spell at you. The magic dart hits you. 😕 HP[-2]
You take 2 damage, and now have 28/34 hp.
You have got your breath back.
Sigmund points at you and mumbles some strange words.
You are confused.
Sigmund says, "Look into my eyes."
You see here a frilled lizard corpse.
Unknown command.
You aren't carrying any potions.
You bump into the rock wall.
Sigmund looks more healthy. 😕 HP[+1]
You bump into the rock wall.
Sigmund zaps a wand.
The puff of flame hits you. 😮 HP[-5]
You take 5 damage, and now have 24/34 hp.
You feel less confused.
Sigmund hits you with a +4 scythe of chaos!
* * * LOW HITPOINT WARNING * * *
😨 HP[-8]
You take 8 damage, and now have 16/34 hp.
MASSIVE DAMAGE!! (PAUSE)
Aiming: Spit Poison (2% risk of failure)
Press: ? - help, Shift-Dir - straight line, f/p - Sigmund
Aim: Sigmund, wielding a +4 scythe of chaos, wearing a +0 robe and carrying a wand of flame (17) (moderately wounded, slightly transparent, 54% to hit)
The splash of poison hits Sigmund but does no damage.
Sigmund is poisoned.
Sigmund hits you with a +4 scythe of chaos!
* * * LOW HITPOINT WARNING * * *
😱 HP[-14]
You take 14 damage, and now have 2/34 hp.
MASSIVE DAMAGE!! (PAUSE) Unknown command.
Okay, then.
You aren't carrying any potions.
You aren't carrying any items that you can evoke.
You closely miss Sigmund.
Sigmund zaps a wand.
The puff of flame hits you!
You die...
Xom thinks this is hilarious!

Skill      XL: |  1  2 |
---------------+-------+-----
Stealth        | 2 4 |  4.0
Fighting       | |  3.0
Armour         | |  1.5
Dodging        | |  0.7
Unarmed Combat | |  3.2

Action                   || total
-------------------------++-------
Melee: Unarmed           ||    77
       Punch             ||     3
 Abil: Spit Poison       ||     3
  Use: Scroll            ||     5
       Potion            ||     1
 Stab: Sleeping          ||     4
Armor: Leather armour    ||    32
Dodge: Dodged            ||    38

Levels and vault maps discovered:
D:1:      psy_arrival_radial01, layout_basic, ebering_ecumenical_altar_webs
D:2:      layout_loops_ring, uniq_terence, uniq_robin, uniq_sigmund

Notes
Turn   | Place    | Note
-------+----------+-------------------------------------------
     0 | D:1      | spaghetti the Naga Chaos Knight began the quest for the
                  | Orb.
     0 | D:1      | Reached XP level 1. HP: 21/21 MP: 1/1
     0 | D:1      | magus.rc [v1.9.6]
    71 | D:1      | Reached skill level 1 in Stealth
   181 | D:1      | Reached skill level 2 in Stealth
   206 | D:1      | Reached XP level 2. HP: 28/28 MP: 2/2
   233 | D:1      | You pick up a book of Vapours and begin reading...
   233 | D:1      | You add the spells Poisonous Vapours and Corpse Rot to your
                  | library.
   295 | D:1      | Reached skill level 3 in Stealth
   441 | D:1      | You pick up a book of Maledictions and begin reading...
   441 | D:1      | You add the spells Tukima's Dance, Anguish and Enfeeble to
                  | your library.
   518 | D:1      | Reached skill level 4 in Stealth
   641 | D:1      | XOM is BORED!
   641 | D:1      | XOM: noise
   699 | D:1      | Found a faded altar of an unknown god.
   785 | D:1      | XOM: cloud trail
   823 | D:1      | Reached XP level 3. HP: 34/34 MP: 3/3
   880 | D:1      | XOM: silly message
   897 | D:1      | XOM: divination: detect creatures
  1086 | D:2      | Noticed Sigmund
  1088 | D:2      | XOM: chaos upgrade
  1100 | D:2      | HP: 2/34 [Sigmund/+4 scythe of chaos (14)]
  1101 | D:2      | Killed from afar by Sigmund

Vanquished Creatures
  A dart slug (D:1)
  2 ball pythons (D:1)
  3 endoplasms (D:1)
  2 goblins (D:1)
  2 hobgoblins (D:1)
  6 jackals
  A quokka (D:1)
  2 bats (D:1)
  3 frilled lizards
  A kobold (D:1)
  4 rats (D:1)
27 creatures vanquished.

Table legend:
 A = Non-vault XP
 B = Vault XP
 C = Vault XP percentage of total XP
 D = Non-vault monster count
 E = Vault monster count
 F = Vault count percentage of total count
                 A         B        C        D         E       F
            +---------+---------+-------+---------+---------+-------
      Total |      45 |       0 |   0.0 |      27 |       0 |   0.0
            +---------+---------+-------+---------+---------+-------
        D:1 |      40 |       0 |   0.0 |      24 |       0 |   0.0
        D:2 |       5 |       0 |   0.0 |       3 |       0 |   0.0
            +---------+---------+-------+---------+---------+-------

Illustrated notes

Table legend:
 A = Kills in this place as a percentage of kills in entire the game.
 B = Kills by you in this place as a percentage of kills by you in the entire game.
 C = Kills by friends in this place as a percentage of kills by friends in the entire game.
 D = Other kills in this place as a percentage of other kills in the entire game.
 E = Experience gained in this place as a percentage of experience gained in the entire game.
 F = Experience gained in this place divided by the number of levels of this place that you have seen.
                   A       B       C       D       E      F
               +-------+-------+-------+-------+-------+----------------------
         Total | 100.0 | 100.0 |   N/A |   N/A | 100.0 |  22.5
       Dungeon | 100.0 | 100.0 |   N/A |   N/A | 100.0 |  22.5
               +-------+-------+-------+-------+-------+----------------------

Table legend: (Time is in decaauts)
 A = Elapsed time spent in this place.
 B = Non-inter-level travel time spent in this place.
 C = Inter-level travel time spent in this place.
 D = Time resting spent in this place.
 E = Time spent auto-exploring this place.
 F = Levels seen in this place.
 G = Mean time per level.
                   A        B        C        D        E       F      G
               +--------+--------+--------+--------+--------+-----+--------+
         Total |   1355 |   1329 |     26 |    122 |    979 |   2 |  677.5 |
       Dungeon |   1355 |   1329 |     26 |    122 |    979 |   2 |  677.5 |
               +--------+--------+--------+--------+--------+-----+--------+

Top non-repeatable levels by time:
     D:1: 1219 daAuts
     D:2: 136 daAuts
